Griffins vs Barracuda (R1)

Created - November 23, 2025 at 20:32

Goals
1 2 3 T
Griffins 0 3 2 5
Barracuda 0 1 1 2
Shots
1 2 3 T
Griffins 7 11 15 33
Barracuda 16 4 8 28

1st period

No Goal

Penalties :
Beck Malenstyn (S.J) for Hooking (Minor) at 15:18

2nd period

1. Griffins , Jack Studnicka 1 (Morgan Frost 6, Anton Blidh 2) at 7:58
2. Griffins , Pavel Kraskovsky 9 (Grigori Denisenko 2) at 9:30
3. Griffins , Alex Laferriere 3 (Michael Bunting 2) at 10:21
4. Barracuda , Alexei Toropchenko 3 (Alex Lintuniemi 4, Trent Frederic 5) at 16:54 (PP)

Penalties :
Adam Beckman (S.J) for Holding (Minor) at 13:42, Ian McCoshen (Gra) for Hooking (Minor) at 16:04

3rd period

5. Griffins , Yegor Sharangovich 1 (Pavel Kraskovsky 4, Grigori Denisenko 3) at 2:06
6. Barracuda , Beck Malenstyn 4 (Adam Beckman 2, Nikolai Kovalenko 6) at 12:55
7. Griffins , Samuel Poulin 1 (Viktor Lodin 1, Brycen Martin 1) at 15:47

Penalties :
Yegor Sokolov (S.J) for Hooking (Minor) at 3:23, Joonas Lyytinen (Gra) for Tripping (Minor) at 7:51, Adam Beckman (S.J) for Holding Stick (Minor) at 10:20, Beck Malenstyn (S.J) for High sticking (Minor) at 15:50

Goalie Stats

Philippe Desrosiers (Gra), 26 saves from 28 shots - (0.929), W, 1-0-0, 60:00 minutes
Kevin Mandolese (S.J), 28 saves from 33 shots - (0.848), L, 1-5-0, 60:00 minutes

Players Stats for Griffins

Player Name              G  A  P  +/- PIM S  H  SB GA TA FO     MP     PP MP  PK MP  
------------------------------------------------------------------------------------
                         0  0  0   0  0   0  0  0  0  0  0/0     0:00   0:00   0:00 
                         0  0  0   0  0   0  0  0  0  0  0/0     0:00   0:00   0:00 
                         0  0  0   0  0   0  0  0  0  0  0/0     0:00   0:00   0:00 
                         0  0  0   0  0   0  0  0  0  0  0/0     0:00   0:00   0:00 
                         0  0  0   0  0   0  0  0  0  0  0/0     0:00   0:00   0:00 
Alex Laferriere          1  0  1   1  0   3  0  0  0  0  0/0    11:57   0:06   0:00 
Anton Blidh              0  1  1   1  0   5  1  0  2  0  0/0    20:58   5:17   1:37 
Anton Lundell            0  0  0   1  0   0  0  0  0  0  2/5    11:57   0:06   0:00 
Braden Schneider         0  0  0   1  0   0  0  1  0  0  0/0     7:49   0:00   1:09 
Brycen Martin            0  1  1   1  0   0  0  0  0  0  0/0     6:40   0:00   0:00 
Grigori Denisenko        0  2  2   2  0   6  3  0  0  2  0/0    18:16   4:32   0:00 
Ian McCoshen             0  0  0   1  2   1  1  2  0  0  0/0    17:24   4:00   0:44 
Jack Studnicka           1  0  1   1  0   1  3  2  0  0  1/1    18:41   4:32   0:00 
Joonas Lyytinen          0  0  0   1  2   0  0  4  0  1  0/0    17:34   0:00   0:31 
Kale Clague              0  0  0   0  0   2  1  4  0  1  0/0    24:07   5:55   0:00 
Michael Bunting          0  1  1   1  0   2  1  0  0  0  0/0    11:57   0:06   0:00 
Morgan Frost             0  1  1   1  0   1  0  2  2  0  8/17   19:17   4:32   0:36 
Pavel Kraskovsky         1  1  2   2  0   2  3  1  2  0  13/23  20:33   5:17   1:37 
Philip Broberg           0  0  0   2  0   0  1  1  0  0  0/0    10:38   0:00   1:03 
Samuel Poulin            1  0  1   0  0   1  3  0  0  0  0/0     7:29   0:00   0:00 
Sebastian Ahaut          0  0  0   0  0   2  0  0  0  1  0/0    21:11   5:55   1:46 
Simon Benoit             0  0  0   2  0   2  0  0  1  0  0/0    14:43   4:00   0:25 
Viktor Lodin             0  1  1   0  0   2  0  0  0  0  1/1     8:13   0:00   0:36 
Will Cuylle              0  0  0   0  0   0  1  0  0  0  0/0     8:13   0:00   0:36 
Yegor Sharangovich       1  0  1   2  0   3  1  0  1  0  1/3    19:32   5:17   0:36 

Players Stats for Barracuda

Player Name              G  A  P  +/- PIM S  H  SB GA TA FO     MP     PP MP  PK MP  
------------------------------------------------------------------------------------
                         0  0  0   0  0   0  0  0  0  0  0/0     0:00   0:00   0:00 
                         0  0  0   0  0   0  0  0  0  0  0/0     0:00   0:00   0:00 
                         0  0  0   0  0   0  0  0  0  0  0/0     0:00   0:00   0:00 
                         0  0  0   0  0   0  0  0  0  0  0/0     0:00   0:00   0:00 
                         0  0  0   0  0   0  0  0  0  0  0/0     0:00   0:00   0:00 
                         0  0  0   0  0   0  0  0  0  0  0/0     0:00   0:00   0:00 
                         0  0  0   0  0   0  0  0  0  0  0/0     0:00   0:00   0:00 
Adam Beckman             0  1  1  -1  4   2  1  1  1  0  0/0    12:36   0:00   0:52 
Adam Raska               0  0  0   0  0   1  0  0  0  0  0/0     7:19   0:00   0:00 
Alex Lintuniemi          0  1  1  -2  0   0  0  1  1  1  0/0    19:30   0:55   4:22 
Alexei Toropchenko       1  0  1  -1  0   4  1  0  0  1  0/0    14:55   1:26   0:00 
Angus Crookshank         0  0  0  -1  0   1  0  0  0  0  0/0    17:01   1:26   2:05 
Beck Malenstyn           1  0  1  -1  4   3  1  1  0  0  0/0    19:45   1:23   3:03 
Bode Wilde               0  0  0  -1  0   0  0  6  0  1  0/0    12:47   0:00   0:00 
Dennis Cholowski         0  0  0  -2  0   0  1  1  0  2  0/0    19:30   0:55   4:22 
Emil Pettersson          0  0  0  -2  0   6  1  1  0  0  13/30  21:22   1:23   5:29 
Jackson Kunz             0  0  0   0  0   0  1  1  0  0  0/0     9:40   0:00   2:21 
Jacob Peterson           0  0  0   0  0   3  1  1  0  0  3/3     8:45   0:00   1:14 
Jordan Gross             0  0  0  -1  0   2  2  0  1  0  0/0    27:43   1:54   5:33 
Nikolai Kovalenko        0  1  1  -1  0   1  0  0  1  1  1/2    19:19   1:23   2:48 
Robin Norell             0  0  0  -1  0   1  0  2  0  2  0/0    27:43   1:54   5:33 
Ryan Merkley             0  0  0  -1  0   0  0  0  0  0  0/0    12:47   0:00   0:00 
Theodor Blueger          0  0  0  -2  0   3  1  2  0  0  1/2    11:07   0:00   0:00 
Trent Frederic           0  1  1  -1  0   1  2  0  1  0  6/13   16:53   1:26   1:58 
Yegor Sokolov            0  0  0  -2  2   0  1  0  0  0  0/0    11:18   0:00   0:00 

3 Stars

1 - Pavel Kraskovsky (Gra)
2 - Grigori Denisenko (Gra)
3 - Jack Studnicka (Gra)

Power Play

Griffins - 0 on 5 Attempt(s) - 0.00%
Barracuda - 1 on 2 Attempt(s) - 50.00%

Penalty Kill

Griffins - 1 on 2 Attempt(s) - 50.00% - Score 0 goal in Penalty Kill
Barracuda - 5 on 5 Attempt(s) - 100.00% - Score 0 goal in Penalty Kill

Team Stat

Griffins - Hits : 19 - Faceoff Wins : 26 - Blocked Shots : 17 - Penalty Minutes : 4
Barracuda - Hits : 13 - Faceoff Wins : 24 - Blocked Shots : 17 - Penalty Minutes : 10

Official

Referees : Gord Dwyer and Dean Morton
Linesman : Steve Miller and Derek Nansen

Game Notes

No Game Note

Finance

Level 1 -- Attendance: 1672 (83.60%) -- Ticket Income $117,040
Level 2 -- Attendance: 943 (94.30%) -- Ticket Income $37,720
Total Attendance: 2615 (87.17%)
Total Ticket Income: $154,760
Other Income: $7,738
Total Income: $162,498

Griffins

5 vs 5 Forward 
   Center                   Left Wing                Right Wing               Time % Phy DF OF 
 1 Pavel Kraskovsky         Grigori Denisenko        Yegor Sharangovich       35     1   2  2  
 2 Morgan Frost             Anton Blidh              Jack Studnicka           35     1   2  2  
 3 Anton Lundell            Michael Bunting          Alex Laferriere          20     1   2  2  
 4 Viktor Lodin             Will Cuylle              Samuel Poulin            10     1   2  2  

5 vs 5 Defense 
   Defense                  Defense                                           Time % Phy DF OF 
 1 Joonas Lyytinen          Kale Clague                                       40     1   2  2  
 2 Sebastian Ahaut          Ian McCoshen                                      30     1   2  2  
 3 Simon Benoit             Philip Broberg                                    20     1   2  2  
 4 Braden Schneider         Brycen Martin                                     10     1   2  2  

PowerPlay Forward 
   Center                   Left Wing                Right Wing               Time % Phy DF OF 
 1 Pavel Kraskovsky         Anton Blidh              Yegor Sharangovich       60     1   2  2  
 2 Morgan Frost             Grigori Denisenko        Jack Studnicka           40     1   2  2  

PowerPlay Defense
   Defense                  Defense                                           Time % Phy DF OF 
 1 Kale Clague              Sebastian Ahaut                                   60     1   2  2  
 2 Simon Benoit             Ian McCoshen                                      40     1   2  2  

Penalty Kill 4 Players Forward 
   Center                   Wing                     Time % Phy DF OF 
 1 Pavel Kraskovsky         Anton Blidh              60     1   2  2  
 2 Yegor Sharangovich       Morgan Frost             40     1   2  2  

Penalty Kill 4 Players Defense
   Defense                  Defense                  Time % Phy DF OF 
 1 Joonas Lyytinen          Sebastian Ahaut          60     1   2  2  
 2 Ian McCoshen             Philip Broberg           40     1   2  2  

Penalty Kill - 3 Players Forward 
   Forward                                           Time % Phy DF OF 
 1 Pavel Kraskovsky                                  60     1   2  2  
 2 Anton Blidh                                       40     1   2  2  

Penalty Kill - 3 Players Defense
   Defense                  Defense                  Time % Phy DF OF 
 1 Joonas Lyytinen          Sebastian Ahaut          60     1   2  2  
 2 Kale Clague              Ian McCoshen             40     1   2  2  

4 vs 4 Forward 
   Center                   Wing                     Time % Phy DF OF 
 1 Pavel Kraskovsky         Anton Blidh              60     1   2  2  
 2 Yegor Sharangovich       Morgan Frost             40     1   2  2  

4 vs 4 Defense
   Defense                  Defense                  Time % Phy DF OF 
 1 Ian McCoshen             Sebastian Ahaut          60     1   2  2  
 2 Simon Benoit             Kale Clague              40     1   2  2  

Last Minutes Offensive
   Center                   Left Wing                Right Wing               Defense                  Defense                  
   Pavel Kraskovsky         Anton Blidh              Yegor Sharangovich       Ian McCoshen             Kale Clague              

Last Minutes Defensive
   Center                   Left Wing                Right Wing               Defense                  Defense                  
   Pavel Kraskovsky         Anton Blidh              Yegor Sharangovich       Joonas Lyytinen          Ian McCoshen             

Goaltenders
Starting : Philippe Desrosiers      
Backup : Adam Werner              

Extra Forwards
Normal : Michael Bunting, Anton Lundell, Viktor Lodin - PP : Michael Bunting, Anton Lundell - PK : Viktor Lodin
Extra Defensemen
Normal : Brycen Martin, Braden Schneider, Simon Benoit - PP : Brycen Martin - PK : Braden Schneider, Simon Benoit
Penalty Shots
Pavel Kraskovsky, Anton Blidh, Yegor Sharangovich, Morgan Frost, Grigori Denisenko
Custom OT Lines Forwards
Pavel Kraskovsky, Anton Blidh, Yegor Sharangovich, Morgan Frost, Grigori Denisenko, Michael Bunting, Jack Studnicka, Anton Lundell, Viktor Lodin, Samuel Poulin
Custom OT Lines Defensemen
Ian McCoshen, Kale Clague, Joonas Lyytinen, Sebastian Ahaut, Philip Broberg

Scratches
Riley Duran (Healthy), Scott Reedy (Healthy), Jack Ramsey (Healthy), Maxim Mamin (Healthy), Conor Timmins (Healthy)
Oskar Steen (Healthy), Nick Swaney (Healthy), Dominik Bokk (Healthy), Vladislav Kolyachonok (Healthy), Ivan Prosvetov (Healthy)

Barracuda

5 vs 5 Forward 
   Center                   Left Wing                Right Wing               Time % Phy DF OF 
 1 Emil Pettersson          Beck Malenstyn           Nikolai Kovalenko        40     1   2  2  
 2 Trent Frederic           Angus Crookshank         Alexei Toropchenko       30     1   2  2  
 3 Theodor Blueger          Adam Beckman             Yegor Sokolov            20     1   2  2  
 4 Jacob Peterson           Jackson Kunz             Adam Raska               10     1   2  2  

5 vs 5 Defense 
   Defense                  Defense                                           Time % Phy DF OF 
 1 Robin Norell             Jordan Gross                                      40     1   2  2  
 2 Alex Lintuniemi          Dennis Cholowski                                  30     1   2  2  
 3 Bode Wilde               Ryan Merkley                                      20     1   2  2  
 4 Robin Norell             Jordan Gross                                      10     1   2  2  

PowerPlay Forward 
   Center                   Left Wing                Right Wing               Time % Phy DF OF 
 1 Emil Pettersson          Beck Malenstyn           Nikolai Kovalenko        60     1   2  2  
 2 Trent Frederic           Angus Crookshank         Alexei Toropchenko       40     1   2  2  

PowerPlay Defense
   Defense                  Defense                                           Time % Phy DF OF 
 1 Robin Norell             Jordan Gross                                      60     1   2  2  
 2 Alex Lintuniemi          Dennis Cholowski                                  40     1   2  2  

Penalty Kill 4 Players Forward 
   Center                   Wing                     Time % Phy DF OF 
 1 Emil Pettersson          Beck Malenstyn           60     1   2  2  
 2 Trent Frederic           Angus Crookshank         40     1   2  2  

Penalty Kill 4 Players Defense
   Defense                  Defense                  Time % Phy DF OF 
 1 Robin Norell             Jordan Gross             60     1   2  2  
 2 Alex Lintuniemi          Dennis Cholowski         40     1   2  2  

Penalty Kill - 3 Players Forward 
   Forward                                           Time % Phy DF OF 
 1 Emil Pettersson                                   60     1   2  2  
 2 Trent Frederic                                    40     1   2  2  

Penalty Kill - 3 Players Defense
   Defense                  Defense                  Time % Phy DF OF 
 1 Robin Norell             Jordan Gross             60     1   2  2  
 2 Alex Lintuniemi          Dennis Cholowski         40     1   2  2  

4 vs 4 Forward 
   Center                   Wing                     Time % Phy DF OF 
 1 Emil Pettersson          Beck Malenstyn           60     1   2  2  
 2 Trent Frederic           Angus Crookshank         40     1   2  2  

4 vs 4 Defense
   Defense                  Defense                  Time % Phy DF OF 
 1 Robin Norell             Jordan Gross             60     1   2  2  
 2 Alex Lintuniemi          Dennis Cholowski         40     1   2  2  

Last Minutes Offensive
   Center                   Left Wing                Right Wing               Defense                  Defense                  
   Emil Pettersson          Beck Malenstyn           Nikolai Kovalenko        Robin Norell             Jordan Gross             

Last Minutes Defensive
   Center                   Left Wing                Right Wing               Defense                  Defense                  
   Emil Pettersson          Beck Malenstyn           Nikolai Kovalenko        Robin Norell             Jordan Gross             

Goaltenders
Starting : Kevin Mandolese          
Backup : Filip Larsson            

Extra Forwards
Normal : Nikolai Kovalenko, Alexei Toropchenko, Beck Malenstyn - PP : Nikolai Kovalenko, Alexei Toropchenko - PK : Nikolai Kovalenko
Extra Defensemen
Normal : Dennis Cholowski, Bode Wilde, Ryan Merkley - PP : Dennis Cholowski - PK : Dennis Cholowski, Bode Wilde
Penalty Shots
Emil Pettersson, Trent Frederic, Theodor Blueger, Jacob Peterson, Nikolai Kovalenko
Custom OT Lines Forwards
Emil Pettersson, Trent Frederic, Theodor Blueger, Jacob Peterson, Nikolai Kovalenko, Alexei Toropchenko, Beck Malenstyn, Angus Crookshank, Adam Beckman, Yegor Sokolov
Custom OT Lines Defensemen
Robin Norell, Jordan Gross, Alex Lintuniemi, Dennis Cholowski, Bode Wilde

Scratches
Alex Jefferies (Healthy), Sam Colangelo (Severed Right Wrist Tendon Injury), Mason Langenbrunner (Healthy), Antonio Stranges (Healthy), Kyle Platzer (Healthy)
Bogdan Trineyev (Healthy), Ryder Rolston (Healthy), Adam Edstrom (Healthy), Luke Martin (Healthy), Henrik Tikkanen (Healthy)
Aidan Campbell (Healthy)

% Time on Ice - Griffins

Lines # - Real PCT - Wanted PCT - Time Play
Normal Forward
1 - 30% - 35% - 14:10
2 - 30% - 35% - 14:09
3 - 24% - 20% - 11:28
4 - 16% - 10% - 7:29
Normal Defense
1 - 39% - 40% - 18:20
2 - 27% - 30% - 12:41
3 - 20% - 20% - 9:35
4 - 14% - 10% - 6:40
PP Forward
1 - 54% - 60% - 5:23
2 - 46% - 40% - 4:32
PP Defense
1 - 60% - 60% - 5:55
2 - 40% - 40% - 4:00
PK Forward
1 - 79% - 60% - 2:13
2 - 21% - 40% - 0:36
PK Defense
1 - 63% - 60% - 1:46
2 - 37% - 40% - 1:03
PK3 Forward
1 - 0% - 60%
2 - 0% - 40%
PK3 Defense
1 - 0% - 60%
2 - 0% - 40%
44 Forward
1 - 0% - 60%
2 - 0% - 40%
44 Defense
1 - 0% - 60%
2 - 0% - 40%
Last Minute Offensive  - 0:00
Last Minute Defensive  - 0:00
Total
Forward - 60:00
Defense - 60:00

% Time on Ice - Barracuda

Lines # - Real PCT - Wanted PCT - Time Play
Normal Forward
1 - 32% - 40% - 15:21
2 - 29% - 30% - 13:29
3 - 24% - 20% - 11:07
4 - 15% - 10% - 7:19
Normal Defense
1 - 39% - 40% - 18:12
2 - 30% - 30% - 14:13
3 - 27% - 20% - 12:47
4 - 4% - 10% - 2:04
PP Forward
1 - 49% - 60% - 1:23
2 - 51% - 40% - 1:26
PP Defense
1 - 67% - 60% - 1:54
2 - 33% - 40% - 0:55
PK Forward
1 - 80% - 60% - 7:57
2 - 20% - 40% - 1:58
PK Defense
1 - 56% - 60% - 5:33
2 - 44% - 40% - 4:22
PK3 Forward
1 - 0% - 60%
2 - 0% - 40%
PK3 Defense
1 - 0% - 60%
2 - 0% - 40%
44 Forward
1 - 0% - 60%
2 - 0% - 40%
44 Defense
1 - 0% - 60%
2 - 0% - 40%
Last Minute Offensive  - 0:00
Last Minute Defensive  - 0:00
Total
Forward - 60:00
Defense - 60:00

Play-by-Play

1st period


0:01 of 1st period - Pavel Kraskovsky wins face-off versus Emil Pettersson in neutral zone.
0:14 of 1st period - Snap shot by Nikolai Kovalenko.
0:14 of 1st period - Stopped by Philippe Desrosiers with a rebound.
0:22 of 1st period - Emil Pettersson is hit by Kale Clague and loses puck.
0:51 of 1st period - Robin Norell is hit by Yegor Sharangovich and loses puck.
1:26 of 1st period - Wrist shot by Emil Pettersson.
1:26 of 1st period - Shot Blocked by Pavel Kraskovsky.
1:28 of 1st period - Snap shot by Emil Pettersson.
1:28 of 1st period - Stopped by Philippe Desrosiers with a rebound.
1:30 of 1st period - Slapshot by Jordan Gross.
1:30 of 1st period - Shot Blocked by Joonas Lyytinen.
1:32 of 1st period - Snap shot by Jordan Gross.
1:32 of 1st period - Stopped by Philippe Desrosiers without a rebound.
1:33 of 1st period - Morgan Frost wins face-off versus Trent Frederic in Griffins zone.
2:25 of 1st period - Snap shot by Viktor Lodin.
2:25 of 1st period - Shot Blocked by Bode Wilde.
3:15 of 1st period - Philip Broberg is hit by Alexei Toropchenko and loses puck.
4:16 of 1st period - Morgan Frost is hit by Jacob Peterson and loses puck.
4:55 of 1st period - Ian McCoshen is hit by Emil Pettersson and loses puck.
5:45 of 1st period - Angus Crookshank is hit by Samuel Poulin and loses puck.
6:49 of 1st period - Sebastian Ahaut is hit by Trent Frederic and loses puck.
6:56 of 1st period - Snap shot by Angus Crookshank.
6:56 of 1st period - Shot Blocked by Ian McCoshen.
7:36 of 1st period - Off-side.
7:37 of 1st period - Anton Lundell wins face-off versus Emil Pettersson in neutral zone.
8:43 of 1st period - Ian McCoshen is hit by Jackson Kunz and loses puck.
8:48 of 1st period - Snap shot by Jacob Peterson.
8:48 of 1st period - Shot Blocked by Ian McCoshen.
8:50 of 1st period - Slapshot by Robin Norell.
8:50 of 1st period - Stopped by Philippe Desrosiers with a rebound.
8:52 of 1st period - Snap shot by Jackson Kunz.
8:52 of 1st period - Shot Misses the Net.
8:54 of 1st period - Snap shot by Adam Raska.
8:54 of 1st period - Stopped by Philippe Desrosiers with a rebound.
8:56 of 1st period - Slapshot by Jordan Gross.
8:56 of 1st period - Stopped by Philippe Desrosiers with a rebound.
9:06 of 1st period - Samuel Poulin is hit by Trent Frederic and loses puck.
9:17 of 1st period - Snap shot by Alexei Toropchenko.
9:17 of 1st period - Stopped by Philippe Desrosiers with a rebound.
9:27 of 1st period - Sebastian Ahaut is hit by Beck Malenstyn.
9:37 of 1st period - Snap shot by Emil Pettersson.
9:37 of 1st period - Stopped by Philippe Desrosiers with a rebound.
9:53 of 1st period - Slapshot by Adam Beckman.
9:53 of 1st period - Shot Blocked by Kale Clague.
9:55 of 1st period - Slapshot by Dennis Cholowski.
9:55 of 1st period - Shot Hit the Post.
9:57 of 1st period - Snap shot by Theodor Blueger.
9:57 of 1st period - Stopped by Philippe Desrosiers with a rebound.
9:59 of 1st period - Snap shot by Adam Beckman.
9:59 of 1st period - Shot Blocked by Kale Clague.
10:01 of 1st period - Snap shot by Dennis Cholowski.
10:01 of 1st period - Shot Blocked by Joonas Lyytinen.
10:35 of 1st period - Snap shot by Emil Pettersson.
10:35 of 1st period - Stopped by Philippe Desrosiers with a rebound.
10:37 of 1st period - Snap shot by Emil Pettersson.
10:37 of 1st period - Stopped by Philippe Desrosiers with a rebound.
10:47 of 1st period - Snap shot by Anton Blidh.
10:47 of 1st period - Stopped by Kevin Mandolese with a rebound.
10:58 of 1st period - Icing by Michael Bunting.
10:59 of 1st period - Jacob Peterson wins face-off versus Yegor Sharangovich in Griffins zone.
11:02 of 1st period - Snap shot by Jacob Peterson.
11:02 of 1st period - Shot Misses the Net.
11:25 of 1st period - Icing by Jack Studnicka.
11:26 of 1st period - Emil Pettersson wins face-off versus Morgan Frost in Griffins zone.
11:33 of 1st period - Snap shot by Emil Pettersson.
11:33 of 1st period - Shot Blocked by Morgan Frost.
11:55 of 1st period - Slapshot by Yegor Sharangovich.
11:55 of 1st period - Shot Misses the Net.
11:57 of 1st period - Snap shot by Pavel Kraskovsky.
11:57 of 1st period - Shot Misses the Net.
11:59 of 1st period - Slapshot by Simon Benoit.
11:59 of 1st period - Stopped by Kevin Mandolese with a rebound.
12:01 of 1st period - Slapshot by Yegor Sharangovich.
12:01 of 1st period - Stopped by Kevin Mandolese with a rebound.
12:31 of 1st period - Jordan Gross is hit by Jack Studnicka and loses puck.
12:50 of 1st period - Slapshot by Adam Beckman.
12:50 of 1st period - Stopped by Philippe Desrosiers with a rebound.
12:52 of 1st period - Slapshot by Theodor Blueger.
12:52 of 1st period - Stopped by Philippe Desrosiers with a rebound.
12:54 of 1st period - Snap shot by Theodor Blueger.
12:54 of 1st period - Shot Misses the Net.
12:56 of 1st period - Slapshot by Bode Wilde.
12:56 of 1st period - Shot Blocked by Jack Studnicka.
12:58 of 1st period - Wrist shot by Theodor Blueger.
12:58 of 1st period - Stopped by Philippe Desrosiers without a rebound.
12:59 of 1st period - Emil Pettersson wins face-off versus Pavel Kraskovsky in Griffins zone.
14:15 of 1st period - Wrist shot by Pavel Kraskovsky.
14:15 of 1st period - Shot Misses the Net.
14:50 of 1st period - Adam Raska is hit by Philip Broberg and loses puck.
14:57 of 1st period - Snap shot by Viktor Lodin.
14:57 of 1st period - Stopped by Kevin Mandolese with a rebound.
14:59 of 1st period - Slapshot by Simon Benoit.
14:59 of 1st period - Deflect By Viktor Lodin.
14:59 of 1st period - Shot Blocked by Bode Wilde.
14:59 of 1st period - Puck is out of play.
15:00 of 1st period - Morgan Frost wins face-off versus Emil Pettersson in Barracuda zone.
15:01 of 1st period - Wrist shot by Anton Blidh.
15:01 of 1st period - Shot Blocked by Beck Malenstyn.
15:03 of 1st period - Slapshot by Jack Studnicka.
15:03 of 1st period - Shot Misses the Net.
15:18 of 1st period - Minor Penalty to Beck Malenstyn for Hooking.
15:19 of 1st period - Pavel Kraskovsky wins face-off versus Emil Pettersson in Barracuda zone.
15:19 of 1st period - Backhand shot by Anton Blidh.
15:19 of 1st period - Stopped by Kevin Mandolese without a rebound.
15:20 of 1st period - Emil Pettersson wins face-off versus Pavel Kraskovsky in Barracuda zone.
15:53 of 1st period - Snap shot by Grigori Denisenko.
15:53 of 1st period - Stopped by Kevin Mandolese with a rebound.
15:55 of 1st period - Snap shot by Jack Studnicka.
15:55 of 1st period - Shot Misses the Net.
16:30 of 1st period - Icing by Pavel Kraskovsky.
16:31 of 1st period - Jacob Peterson wins face-off versus Pavel Kraskovsky in Griffins zone.
17:18 of 1st period - Penalty to Beck Malenstyn is over, Beck Malenstyn is back on ice.
17:34 of 1st period - Slapshot by Alexei Toropchenko.
17:34 of 1st period - Stopped by Philippe Desrosiers without a rebound.
17:35 of 1st period - Viktor Lodin wins face-off versus Trent Frederic in Griffins zone.
17:46 of 1st period - Snap shot by Trent Frederic.
17:46 of 1st period - Stopped by Philippe Desrosiers with a rebound.
18:47 of 1st period - Jacob Peterson is hit by Michael Bunting and loses puck.
19:48 of 1st period - Snap shot by Grigori Denisenko.
19:48 of 1st period - Stopped by Kevin Mandolese with a rebound.
Goals for this period are 0 for Griffins vs 0 for Barracuda.
Shots for this period are 7 for Griffins vs 16 for Barracuda.

2nd period


0:01 of 2nd period - Jack Studnicka wins face-off versus Emil Pettersson in neutral zone.
1:21 of 2nd period - Slapshot by Kale Clague.
1:21 of 2nd period - Stopped by Kevin Mandolese with a rebound.
1:23 of 2nd period - Slapshot by Joonas Lyytinen.
1:23 of 2nd period - Deflect By Alex Laferriere.
1:23 of 2nd period - Shot Blocked by Jackson Kunz.
1:23 of 2nd period - Puck is out of play.
1:24 of 2nd period - Emil Pettersson wins face-off versus Pavel Kraskovsky in Barracuda zone.
1:24 of 2nd period - Emil Pettersson is hit by Grigori Denisenko.
1:49 of 2nd period - Jordan Gross is hit by Samuel Poulin and loses puck.
2:02 of 2nd period - Snap shot by Viktor Lodin.
2:02 of 2nd period - Shot Misses the Net.
2:12 of 2nd period - Brycen Martin is hit by Jordan Gross and loses puck.
2:32 of 2nd period - Off-side.
2:33 of 2nd period - Morgan Frost wins face-off versus Theodor Blueger in neutral zone.
3:02 of 2nd period - Wrist shot by Pavel Kraskovsky.
3:02 of 2nd period - Deflect By Yegor Sharangovich.
3:02 of 2nd period - Shot Blocked by Alex Lintuniemi.
3:02 of 2nd period - Puck is out of play.
3:03 of 2nd period - Pavel Kraskovsky wins face-off versus Emil Pettersson in Barracuda zone.
3:18 of 2nd period - Wrist shot by Nikolai Kovalenko.
3:18 of 2nd period - Deflect By Beck Malenstyn.
3:18 of 2nd period - Stopped by Philippe Desrosiers with a rebound.
3:37 of 2nd period - Snap shot by Anton Blidh.
3:37 of 2nd period - Stopped by Kevin Mandolese with a rebound.
3:39 of 2nd period - Snap shot by Jack Studnicka.
3:39 of 2nd period - Shot Misses the Net.
4:16 of 2nd period - Icing by Jacob Peterson.
4:17 of 2nd period - Jacob Peterson wins face-off versus Pavel Kraskovsky in Barracuda zone.
4:17 of 2nd period - Jacob Peterson is hit by Pavel Kraskovsky.
4:47 of 2nd period - Wrist shot by Nikolai Kovalenko.
4:47 of 2nd period - Deflect By Emil Pettersson.
4:47 of 2nd period - Shot Misses the Net.
4:47 of 2nd period - Puck is out of play.
4:48 of 2nd period - Morgan Frost wins face-off versus Emil Pettersson in Griffins zone.
5:03 of 2nd period - Snap shot by Emil Pettersson.
5:03 of 2nd period - Stopped by Philippe Desrosiers with a rebound.
5:45 of 2nd period - Snap shot by Michael Bunting.
5:45 of 2nd period - Shot Blocked by Bode Wilde.
5:47 of 2nd period - Snap shot by Anton Lundell.
5:47 of 2nd period - Shot Blocked by Bode Wilde.
5:49 of 2nd period - Backhand shot by Anton Lundell.
5:49 of 2nd period - Shot Misses the Net.
6:10 of 2nd period - Beck Malenstyn is hit by Ian McCoshen and loses puck.
6:23 of 2nd period - Jackson Kunz is hit by Anton Blidh and loses puck.
6:28 of 2nd period - Wrist shot by Anton Blidh.
6:28 of 2nd period - Shot Blocked by Jacob Peterson.
6:30 of 2nd period - Slapshot by Anton Blidh.
6:30 of 2nd period - Stopped by Kevin Mandolese without a rebound.
6:31 of 2nd period - Trent Frederic wins face-off versus Yegor Sharangovich in Barracuda zone.
6:40 of 2nd period - Snap shot by Pavel Kraskovsky.
6:40 of 2nd period - Shot Misses the Net.
6:42 of 2nd period - Slapshot by Simon Benoit.
6:42 of 2nd period - Stopped by Kevin Mandolese without a rebound.
6:43 of 2nd period - Pavel Kraskovsky wins face-off versus Emil Pettersson in Barracuda zone.
6:46 of 2nd period - Slapshot by Grigori Denisenko.
6:46 of 2nd period - Stopped by Kevin Mandolese with a rebound.
7:18 of 2nd period - Icing by Ian McCoshen.
7:19 of 2nd period - Morgan Frost wins face-off versus Nikolai Kovalenko in Griffins zone.
7:42 of 2nd period - Slapshot by Jack Studnicka.
7:42 of 2nd period - Shot Blocked by Emil Pettersson.
7:58 of 2nd period - Wrist shot by Jack Studnicka.
7:58 of 2nd period - Goal by Jack Studnicka - Griffins : 1 - Barracuda : 0.
7:59 of 2nd period - Pavel Kraskovsky wins face-off versus Trent Frederic in neutral zone.
8:08 of 2nd period - Snap shot by Pavel Kraskovsky.
8:08 of 2nd period - Stopped by Kevin Mandolese without a rebound.
8:09 of 2nd period - Pavel Kraskovsky wins face-off versus Trent Frederic in Barracuda zone.
8:36 of 2nd period - Slapshot by Kale Clague.
8:36 of 2nd period - Shot Misses the Net.
9:30 of 2nd period - Slapshot by Pavel Kraskovsky.
9:30 of 2nd period - Goal by Pavel Kraskovsky - Griffins : 2 - Barracuda : 0.
9:31 of 2nd period - Emil Pettersson wins face-off versus Morgan Frost in neutral zone.
9:44 of 2nd period - Icing by Anton Blidh.
9:45 of 2nd period - Emil Pettersson wins face-off versus Morgan Frost in Griffins zone.
10:12 of 2nd period - Anton Lundell is hit by Yegor Sokolov.
10:21 of 2nd period - Slapshot by Alex Laferriere.
10:21 of 2nd period - Goal by Alex Laferriere - Griffins : 3 - Barracuda : 0.
10:22 of 2nd period - Morgan Frost wins face-off versus Emil Pettersson in neutral zone.
10:25 of 2nd period - Emil Pettersson is hit by Jack Studnicka and loses puck.
12:16 of 2nd period - Wrist shot by Jacob Peterson.
12:16 of 2nd period - Stopped by Philippe Desrosiers without a rebound.
12:17 of 2nd period - Nikolai Kovalenko wins face-off versus Anton Lundell in Griffins zone.
12:26 of 2nd period - Snap shot by Emil Pettersson.
12:26 of 2nd period - Shot Blocked by Kale Clague.
12:28 of 2nd period - Slapshot by Nikolai Kovalenko.
12:28 of 2nd period - Shot Blocked by Kale Clague.
12:30 of 2nd period - Slapshot by Beck Malenstyn.
12:30 of 2nd period - Shot Blocked by Joonas Lyytinen.
12:39 of 2nd period - Icing by Michael Bunting.
12:40 of 2nd period - Anton Lundell wins face-off versus Trent Frederic in Griffins zone.
13:42 of 2nd period - Minor Penalty to Adam Beckman for Holding.
13:43 of 2nd period - Emil Pettersson wins face-off versus Pavel Kraskovsky in Barracuda zone.
15:26 of 2nd period - Simon Benoit is hit by Jordan Gross and loses puck.
15:42 of 2nd period - Penalty to Adam Beckman is over, Adam Beckman is back on ice.
15:47 of 2nd period - Michael Bunting is hit by Adam Beckman and loses puck.
16:04 of 2nd period - Minor Penalty to Ian McCoshen for Hooking.
16:05 of 2nd period - Emil Pettersson wins face-off versus Pavel Kraskovsky in Griffins zone.
16:42 of 2nd period - Wrist shot by Yegor Sharangovich.
16:42 of 2nd period - Deflect By Morgan Frost.
16:42 of 2nd period - Shot Blocked by Robin Norell.
16:42 of 2nd period - Puck is out of play.
16:43 of 2nd period - Yegor Sharangovich wins face-off versus Trent Frederic in Barracuda zone.
16:54 of 2nd period - Snap shot by Alexei Toropchenko.
16:54 of 2nd period - Goal by Alexei Toropchenko - Griffins : 3 - Barracuda : 1.
16:55 of 2nd period - Emil Pettersson wins face-off versus Morgan Frost in neutral zone.
17:43 of 2nd period - Alex Laferriere is hit by Dennis Cholowski and loses puck.
18:25 of 2nd period - Wrist shot by Alex Laferriere.
18:25 of 2nd period - Stopped by Kevin Mandolese with a rebound.
18:27 of 2nd period - Snap shot by Sebastian Ahaut.
18:27 of 2nd period - Stopped by Kevin Mandolese without a rebound.
18:28 of 2nd period - Trent Frederic wins face-off versus Morgan Frost in Barracuda zone.
18:38 of 2nd period - Slapshot by Trent Frederic.
18:38 of 2nd period - Shot Blocked by Joonas Lyytinen.
18:40 of 2nd period - Slapshot by Jordan Gross.
18:40 of 2nd period - Shot Misses the Net.
Goals for this period are 3 for Griffins vs 1 for Barracuda.
Shots for this period are 11 for Griffins vs 4 for Barracuda.

3rd period


0:01 of 3rd period - Pavel Kraskovsky wins face-off versus Emil Pettersson in neutral zone.
0:06 of 3rd period - Wrist shot by Grigori Denisenko.
0:06 of 3rd period - Stopped by Kevin Mandolese without a rebound.
0:07 of 3rd period - Emil Pettersson wins face-off versus Pavel Kraskovsky in Barracuda zone.
0:18 of 3rd period - Wrist shot by Yegor Sharangovich.
0:18 of 3rd period - Shot Misses the Net.
0:20 of 3rd period - Wrist shot by Kale Clague.
0:20 of 3rd period - Stopped by Kevin Mandolese with a rebound.
1:20 of 3rd period - Slapshot by Jacob Peterson.
1:20 of 3rd period - Stopped by Philippe Desrosiers without a rebound.
1:21 of 3rd period - Pavel Kraskovsky wins face-off versus Emil Pettersson in Griffins zone.
1:56 of 3rd period - Wrist shot by Yegor Sharangovich.
1:56 of 3rd period - Shot Misses the Net.
1:58 of 3rd period - Snap shot by Pavel Kraskovsky.
1:58 of 3rd period - Shot Blocked by Bode Wilde.
2:00 of 3rd period - Wrist shot by Grigori Denisenko.
2:00 of 3rd period - Stopped by Kevin Mandolese with a rebound.
2:02 of 3rd period - Wrist shot by Grigori Denisenko.
2:02 of 3rd period - Shot Blocked by Adam Beckman.
2:04 of 3rd period - Snap shot by Yegor Sharangovich.
2:04 of 3rd period - Stopped by Kevin Mandolese with a rebound.
2:06 of 3rd period - Wrist shot by Pavel Kraskovsky.
2:06 of 3rd period - Deflect By Yegor Sharangovich.
2:06 of 3rd period - Goal by Yegor Sharangovich - Griffins : 4 - Barracuda : 1.
2:07 of 3rd period - Morgan Frost wins face-off versus Emil Pettersson in neutral zone.
2:54 of 3rd period - Alex Lintuniemi is hit by Pavel Kraskovsky.
3:04 of 3rd period - Wrist shot by Grigori Denisenko.
3:04 of 3rd period - Stopped by Kevin Mandolese with a rebound.
3:23 of 3rd period - Minor Penalty to Yegor Sokolov for Hooking.
3:24 of 3rd period - Emil Pettersson wins face-off versus Pavel Kraskovsky in Barracuda zone.
4:14 of 3rd period - Emil Pettersson is hit by Grigori Denisenko and loses puck.
5:23 of 3rd period - Penalty to Yegor Sokolov is over, Yegor Sokolov is back on ice.
5:31 of 3rd period - Bode Wilde is hit by Will Cuylle.
5:34 of 3rd period - Off-side.
5:35 of 3rd period - Trent Frederic wins face-off versus Anton Lundell in neutral zone.
5:42 of 3rd period - Wrist shot by Trent Frederic.
5:42 of 3rd period - Deflect By Angus Crookshank.
5:42 of 3rd period - Stopped by Philippe Desrosiers with a rebound.
5:44 of 3rd period - Wrist shot by Alexei Toropchenko.
5:44 of 3rd period - Shot Blocked by Braden Schneider.
6:02 of 3rd period - Yegor Sokolov is hit by Samuel Poulin and loses puck.
6:11 of 3rd period - Wrist shot by Kale Clague.
6:11 of 3rd period - Shot Blocked by Theodor Blueger.
6:13 of 3rd period - Slapshot by Kale Clague.
6:13 of 3rd period - Shot Blocked by Bode Wilde.
6:15 of 3rd period - Snap shot by Kale Clague.
6:15 of 3rd period - Shot Misses the Net.
6:25 of 3rd period - Bode Wilde is hit by Grigori Denisenko and loses puck.
6:45 of 3rd period - Wrist shot by Beck Malenstyn.
6:45 of 3rd period - Stopped by Philippe Desrosiers with a rebound.
6:47 of 3rd period - Wrist shot by Beck Malenstyn.
6:47 of 3rd period - Shot Blocked by Jack Studnicka.
6:49 of 3rd period - Snap shot by Nikolai Kovalenko.
6:49 of 3rd period - Shot Blocked by Morgan Frost.
6:51 of 3rd period - Snap shot by Ryan Merkley.
6:51 of 3rd period - Shot Misses the Net.
7:13 of 3rd period - Slapshot by Sebastian Ahaut.
7:13 of 3rd period - Stopped by Kevin Mandolese without a rebound.
7:14 of 3rd period - Emil Pettersson wins face-off versus Pavel Kraskovsky in Barracuda zone.
7:25 of 3rd period - Snap shot by Emil Pettersson.
7:25 of 3rd period - Stopped by Philippe Desrosiers without a rebound.
7:26 of 3rd period - Trent Frederic wins face-off versus Morgan Frost in Griffins zone.
7:29 of 3rd period - Wrist shot by Alexei Toropchenko.
7:29 of 3rd period - Stopped by Philippe Desrosiers without a rebound.
7:30 of 3rd period - Trent Frederic wins face-off versus Morgan Frost in Griffins zone.
7:51 of 3rd period - Minor Penalty to Joonas Lyytinen for Tripping.
7:52 of 3rd period - Pavel Kraskovsky wins face-off versus Emil Pettersson in Griffins zone.
8:58 of 3rd period - Slapshot by Ian McCoshen.
8:58 of 3rd period - Stopped by Kevin Mandolese with a rebound.
9:20 of 3rd period - Slapshot by Morgan Frost.
9:20 of 3rd period - Shot Misses the Net.
9:22 of 3rd period - Snap shot by Morgan Frost.
9:22 of 3rd period - Stopped by Kevin Mandolese with a rebound.
9:51 of 3rd period - Penalty to Joonas Lyytinen is over, Joonas Lyytinen is back on ice.
9:58 of 3rd period - Wrist shot by Viktor Lodin.
9:58 of 3rd period - Stopped by Kevin Mandolese without a rebound.
9:59 of 3rd period - Theodor Blueger wins face-off versus Anton Lundell in Barracuda zone.
10:08 of 3rd period - Wrist shot by Michael Bunting.
10:08 of 3rd period - Stopped by Kevin Mandolese with a rebound.
10:10 of 3rd period - Snap shot by Michael Bunting.
10:10 of 3rd period - Stopped by Kevin Mandolese with a rebound.
10:12 of 3rd period - Slapshot by Joonas Lyytinen.
10:12 of 3rd period - Shot Misses the Net.
10:14 of 3rd period - Snap shot by Kale Clague.
10:14 of 3rd period - Shot Blocked by Theodor Blueger.
10:20 of 3rd period - Minor Penalty to Adam Beckman for Holding Stick.
10:21 of 3rd period - Pavel Kraskovsky wins face-off versus Emil Pettersson in Barracuda zone.
10:30 of 3rd period - Snap shot by Pavel Kraskovsky.
10:30 of 3rd period - Deflect By Emil Pettersson.
10:30 of 3rd period - Shot Blocked by Robin Norell.
10:30 of 3rd period - Puck is out of play.
10:31 of 3rd period - Pavel Kraskovsky wins face-off versus Emil Pettersson in Barracuda zone.
10:44 of 3rd period - Snap shot by Anton Blidh.
10:44 of 3rd period - Stopped by Kevin Mandolese without a rebound.
10:45 of 3rd period - Pavel Kraskovsky wins face-off versus Emil Pettersson in Barracuda zone.
11:46 of 3rd period - Emil Pettersson is hit by Jack Studnicka and loses puck.
12:20 of 3rd period - Penalty to Adam Beckman is over, Adam Beckman is back on ice.
12:45 of 3rd period - Snap shot by Adam Beckman.
12:45 of 3rd period - Stopped by Philippe Desrosiers with a rebound.
12:53 of 3rd period - Wrist shot by Adam Beckman.
12:53 of 3rd period - Shot Misses the Net.
12:55 of 3rd period - Snap shot by Beck Malenstyn.
12:55 of 3rd period - Goal by Beck Malenstyn - Griffins : 4 - Barracuda : 2.
12:56 of 3rd period - Morgan Frost wins face-off versus Trent Frederic in neutral zone.
13:52 of 3rd period - Slapshot by Alex Laferriere.
13:52 of 3rd period - Stopped by Kevin Mandolese with a rebound.
14:48 of 3rd period - Ian McCoshen is hit by Theodor Blueger and loses puck.
15:47 of 3rd period - Wrist shot by Samuel Poulin.
15:47 of 3rd period - Goal by Samuel Poulin - Griffins : 5 - Barracuda : 2.
15:48 of 3rd period - Emil Pettersson wins face-off versus Morgan Frost in neutral zone.
15:50 of 3rd period - Minor Penalty to Beck Malenstyn for High sticking.
15:51 of 3rd period - Pavel Kraskovsky wins face-off versus Emil Pettersson in Barracuda zone.
16:23 of 3rd period - Backhand shot by Simon Benoit.
16:23 of 3rd period - Shot Misses the Net.
16:25 of 3rd period - Snap shot by Jack Studnicka.
16:25 of 3rd period - Shot Blocked by Dennis Cholowski.
17:50 of 3rd period - Penalty to Beck Malenstyn is over, Beck Malenstyn is back on ice.
19:02 of 3rd period - Snap shot by Jacob Peterson.
19:02 of 3rd period - Stopped by Philippe Desrosiers without a rebound.
19:03 of 3rd period - Trent Frederic wins face-off versus Morgan Frost in Griffins zone.
19:18 of 3rd period - Wrist shot by Alex Lintuniemi.
19:18 of 3rd period - Shot Blocked by Philip Broberg.
19:28 of 3rd period - Alex Lintuniemi is hit by Pavel Kraskovsky and loses puck.
Goals for this period are 2 for Griffins vs 1 for Barracuda.
Shots for this period are 15 for Griffins vs 8 for Barracuda.